cohdb
Replays
Latest Replays
All Replays
Popular Replays
Top Player Replays
Match Explorer
How It Works
Community
CoH3 Stats
Reddit
Sign in to upload your games and track your stats! →
Sign in with Steam
Match 42673034
Unlisted
Match 42673034
Overview
Messages
Build Orders
End
Kradschützen Motorcycle Team
Panzergrenadier Squad
Construct Light Support Kompanie
MG34 Team
2.5-tonne Medical Truck
Selects Italian Infantry
Selects Guastatori Squad
Selects L6/40 Light Tank Combat Group
L6/40 Light Tank Combat Group
Fire Support Elements
Guastatori Squad
Selects Defensive Operations
Advanced Field Repairs
Construct Panzerarmee Kommand
Flak 36 Anti-tank Gun Team
Panzer III L Medium Tank
Selects Prepared Positions
Guastatori Squad
Selects Propaganda War
Propaganda War
2.5-tonne Medical Truck
Gestapas
Elbehiri
simranjitsingh713
alexbrundin
Matt
CloneCharlz
Gengeol
p00k
0
0
Comments
sign in to comment!
No comments posted yet!